 Dungeon Crawl Stone Soup version 0.30.0-10-gfe55d96785 (webtiles) character file.

Game seed: 9151130192620024491

13396 shadowrider38 the Frost Mage (level 11, -6/81 HPs)
             Began as a Demonspawn Ice Elementalist on May 15, 2023.
             Was an Initiate of Gozag.
             Mangled by Snorg (8 damage)
             ... on level 11 of the Dungeon.
             The game lasted 00:30:10 (16459 turns).

shadowrider38 the Frost Mage (DsIE)                Turns: 16459, Time: 00:30:11

Health: -6/81      AC: 16    Str:  9    XL:     11   Next: 75%
Magic:  11/25      EV: 14    Int: 32    God:    Gozag
Gold:   1305       SH:  5    Dex: 17    Spells: 9/30 levels left

rFire   . . .        a - +0 trident "Ovamor" {venom, *Rage Will+ Int+5 Dex+4}
rCold   . . .        (no shield)
rNeg    . . .        d - +0 robe
rPois   .            j - +0 helmet
rElec   .            (no cloak)
rCorr   .            (no gloves)
SInv    .            (no boots)
Will    +....        G - amulet of reflection
Stlth   ++           s - +6 ring of intelligence
HPRegen 0.33/turn    (no ring)
MPRegen 0.19/turn

%: random rage (20%), reflection
@: ice-armoured, freezing walls
A: claws 1, icy blue scales 2, powered by pain 2
a: Renounce Religion, Potion Petition, Call Merchant, Bribe Branch


You were on level 11 of the Dungeon.
You worshipped Gozag.
Gozag was most pleased with you.
You visited 2 branches of the dungeon, and saw 12 of its levels.
You also visited: Bailey.

You collected 1992 gold pieces.
You paid 687 gold pieces to Gozag.

Inventory:

Hand Weapons
 a - the +0 trident "Ovamor" (weapon) {venom, *Rage Will+ Int+5 Dex+4}
   (You took it off an orc on level 7 of the Dungeon)

   Int:       It affects your intelligence (+5).
   Dex:       It affects your dexterity (+4).
   *Rage:     It berserks you when you make melee attacks (+20% chance).
   Will:      It increases your willpower.
 n - a +3 spear
Missiles
 F - 6 curare-tipped darts
 Z - 2 throwing nets
Armour
 c - the +0 scale mail "Pakuck" {rElec}
   (You found it on level 3 of the Dungeon)

   rElec:     It insulates you from electricity.
 d - a +0 robe (worn)
 j - a +0 helmet (worn)
 r - an orb of wrath
Magical Staves
 o - a staff of earth
Jewellery
 s - a +6 ring of intelligence (left claw)
 G - an amulet of reflection (around neck)
Wands
 K - a wand of quicksilver (2)
 L - a wand of roots (7)
 P - a wand of paralysis (3)
Scrolls
 g - a scroll of brand weapon {unknown}
 i - a scroll of acquirement
 k - a scroll of enchant armour {unknown}
 m - a scroll of torment {unknown}
 p - 5 scrolls of enchant weapon
 q - 2 scrolls of fog
 w - a scroll of butterflies {unknown}
 x - a scroll of immolation
 y - a scroll of silence {unknown}
 B - a scroll of blinking
 C - a scroll of fear
 I - a scroll of amnesia {unknown}
 J - a scroll of vulnerability {unknown}
 T - 2 scrolls of teleportation
Potions
 b - 4 potions of magic
 e - a potion of berserk rage
 f - 2 potions of ambrosia
 h - 2 potions of lignification
 l - a potion of flight
 t - 2 potions of attraction
 u - 5 potions of resistance
 v - a potion of brilliance
 z - 2 potions of mutation
 A - a potion of might
 D - 3 potions of heal wounds
 E - a potion of cancellation
 H - 2 potions of haste
 Q - 7 potions of curing


   Skills:
 - Level 6.0 Fighting
 - Level 5.0 Dodging
 - Level 2.0 Stealth
 + Level 10.4 Spellcasting
 - Level 5.0 Conjurations
 - Level 0.4 Hexes
 - Level 4.0 Summonings
 + Level 10.4 Ice Magic
 - Level 4.0 Earth Magic


You had 9 spell levels left.
You knew the following spells:

 Your Spells              Type           Power      Damage    Failure   Level
a - Freeze                Ice            100%       1d10      1%          1
b - Ozocubu's Armour      Ice            71%        N/A       1%          3
c - Frozen Ramparts       Ice            100%       1d16      1%          3
d - Summon Ice Beast      Ice/Summ       58%        N/A       1%          4
e - Stone Arrow           Conj/Erth      90%        3d12      1%          3
h - Ozocubu's Refrigerat  Ice            35%        4d15      32%         7

Your spell library contained the following spells:

 Spells                   Type           Power      Damage    Failure   Level
 Magic Dart               Conj           100%       1d8       1%          1
 Summon Small Mammal      Summ           100%       N/A       1%          1
 Call Imp                 Summ           84%        N/A       1%          2
 Ensorcelled Hibernation  Hex/Ice        100%       N/A       1%          2
 Apportation              Tloc           32%        N/A       3%          1
 Necrotise                Necr           64%        1d7       3%          1
 Mephitic Cloud           Conj/Pois/Air  27%        N/A       4%          3
 Animate Armour           Summ/Erth      84%        N/A       5%          4
 Spider Form              Tmut/Pois      16%        N/A       9%          3
 Vampiric Draining        Necr           16%        2d7       9%          3
 Anguish                  Hex/Necr       9%         N/A       26%         4
 Passage of Golubria      Tloc           16%        N/A       28%         4
 Summon Mana Viper        Hex/Summ       31%        N/A       32%         5
 Silence                  Hex/Air        9%         N/A       58%         5
 Agony                    Necr           16%        N/A       63%         5
 Monstrous Menagerie      Summ           21%        N/A       99%         7
 Lehudib's Crystal Spear  Conj/Erth      22%        10d6      100%        8


Dungeon Overview and Level Annotations

Branches:
Dungeon (11/15)            Temple (1/1) D:5            Lair (0/5) D:9
    Orc (0/2) D:10         Bailey (visited)

Altars:
Ashenzari
Cheibriados
Dithmenos
Fedhas
Gozag
Hepliaklqana
Kikubaaqudgha
Makhleb
Okawaru
Qazlal
Ru
Sif Muna
Trog
Uskayaw
Vehumet
Wu Jian
Xom
Yredelemnul

Shops:
D:2 [   D:3 (

Annotations:
D:3 exclusion: downstairs
D:4 2 runed translucent doors, qdestroyer's ghost, amateur MiFi
D:7 exclusion: 2 downstairs
D:10 exclusion: downstairs
D:11 Snorg
Temple 2 transporters


Innate Abilities, Weirdness & Mutations

You have sharp fingernails.
You are mostly covered in icy blue scales. (AC +3)
You sometimes gain power by taking damage.


Message History

Snorg is moderately wounded.
The wall freezes Snorg.
You block Snorg's attack. Snorg claws you! x2
Your ice beast barely misses Snorg.
Okay, then.
Aiming: Paralyse
Press: ? - help, Shift-Dir - straight line, f/p - Snorg
Aim: Snorg (moderately wounded, berserk, ally target, chance to affect: 17%)
Okay, then.
Unknown command.
Okay, then.
Unknown command.
Press: ? - help, v - describe, . - travel
Here: Snorg (moderately wounded, berserk, ally target)
The floor.
Unknown command.
Okay, then.
Unknown command.
Throw: 3 throwing nets
Press: ? - help, Shift-Dir - straight line, f/p - Snorg
Aim: Snorg (moderately wounded, berserk, ally target, 63% to hit)
You throw a throwing net. The throwing net hits Snorg.
Snorg is caught in the net!
Snorg is moderately wounded.
The wall freezes Snorg!
Snorg struggles against the net.
The wall freezes Snorg!
Snorg struggles against the net.
Your ice beast hits Snorg.
Your ice beast freezes Snorg!
Casting: Stone Arrow (safe; 1% risk of failure)
Confirm with . or Enter, or press ? or * to list all spells.
Okay, then.
Casting: Stone Arrow (safe; 1% risk of failure)
Confirm with . or Enter, or press ? or * to list all spells.
Okay, then.
Aiming: Stone Arrow (safe; 1% risk of failure)
Press: ? - help, Q - select action, (/) - cycle Shift-Dir - straight line, f/p - Snorg
Aim: Snorg (heavily wounded, berserk, entangled in a net, ally target, 100% to hit)
The stone arrow hits Snorg!!
Snorg is severely wounded.
The wall freezes Snorg.
Snorg struggles against the net.
The net rips apart, and Snorg comes free!
Your ice beast hits Snorg.
Your ice beast freezes Snorg!!
Aiming: Stone Arrow (safe; 1% risk of failure)
Press: ? - help, Q - select action, (/) - cycle Shift-Dir - straight line, f/p - Snorg
Aim: Snorg (almost dead, berserk, ally target, 76% to hit)
The stone arrow hits Snorg!!
Snorg is almost dead.
The wall freezes Snorg.
Snorg bites you!!
* * * LOW HITPOINT WARNING * * *
Snorg claws you!
You die...
Your body crumbles into a pile of gold.

#... ####+######
#... ..........#
#...
..........######
#...
..........#....#
#...
.........#....#
#... ...Y.. #..(.#
#... #.T###....#
#... ##.@.......#
###...
.............###
#.....
.....(.......#
##.....
.............#
#......
....##.......#
#...... ....
#.......#####......
...
#####+#[...........
.. #.#.###........
#.....#....####


You could see Snorg (berserk, ally target) and a friendly ice beast (summoned).

Vanquished Creatures
  2 two-headed ogres
  Nergalle (D:10)
  Pikel (D:4)
  A manticore (D:10)
  A cyclops (D:10)
  2 gargoyles
  A hornet (D:10)
  Sigmund (D:6)
  A vampire (D:10)
  Eustachio (D:6)
  10 yaks
  2 wraiths
  2 wyverns (D:9)
  2 wargs
  Menkaure (D:4)
  2 steam dragons
  2 water moccasins
  Edmund (D:6)
  7 orc warriors
  2 wolves (D:9)
  An ogre (D:6)
  4 centaurs
  A kobold brigand (D:7)
  2 bullfrogs
  7 scorpions
  Blork the orc (D:4)
  14 wights
  12 killer bees
  2 electric eels (D:9)
  4 howler monkeys
  9 hounds
  A gnoll bouda (D:9)
  4 orc priests
  2 sleepcaps
  Jessica (D:3)
  6 iguanas
  5 orc wizards
  A nameless horror (D:6)
  13 gnolls
  8 adders
  2 shadow imps
  2 white imps
  An ufetubus (D:7)
  2 worms
  4 dart slugs
  15 orcs
  12 endoplasms
  7 giant cockroaches
  7 goblins
  13 hobgoblins
  14 kobolds
  7 quokkas
  9 ball pythons
  4 bats
  8 frilled lizards
  7 rats
255 creatures vanquished.

Vanquished Creatures (collateral kills)
  A komodo dragon (D:10)
  A troll (D:9)
  4 yaks (D:9)
  A wyvern (D:10)
  An acid dragon (D:10)
  An orc warrior (D:6)
  2 kobold brigands (D:9)
  A scorpion (D:6)
  2 wights
  A howler monkey (D:6)
  A hound (D:9)
  2 orc priests
  An adder (D:6)
  A gnoll (Bailey)
  8 orcs
  3 goblins
  6 hobgoblins
  14 kobolds
51 creatures vanquished.

Grand Total: 306 creatures vanquished

Notes
Turn   | Place    | Note
-------+----------+-------------------------------------------
     0 | D:1      | shadowrider38 the Demonspawn Ice Elementalist began the
                  | quest for the Orb.
     0 | D:1      | Reached XP level 1. HP: 13/13 MP: 3/3
   261 | D:1      | Gained mutation: You are partially covered in icy blue
                  | scales. (AC +2) [demonic ancestry]
   261 | D:1      | Reached XP level 2. HP: 10/19 MP: 0/5
   650 | D:1      | Found a faded altar of an unknown god.
   664 | D:1      | Gained mutation: You are mostly covered in icy blue scales.
                  | (AC +3) [demonic ancestry]
   664 | D:1      | Reached XP level 3. HP: 17/24 MP: 2/7
  1357 | D:2      | Learned a level 3 spell: Ozocubu's Armour
  1361 | D:2      | Learned a level 3 spell: Frozen Ramparts
  1400 | D:2      | Reached skill level 3 in Spellcasting
  1429 | D:2      | Found Guhuoten's Antique Armour Shoppe.
  1730 | D:2      | Gained mutation: You have sharp fingernails. [demonic
                  | ancestry]
  1730 | D:2      | Reached XP level 4. HP: 21/30 MP: 6/8
  1767 | D:2      | aesen: ice mail. of course.
  1833 | D:2      | aesen: nvm ice scales
  1834 | D:2      | aesen: it would be funny if you got ice mail too
  1895 | D:2      | shadowrider38: true ice elementalist
  2454 | D:3      | Found a sacrificial altar of Ru.
  2509 | D:3      | Noticed Jessica
  2519 | D:3      | Killed Jessica
  2651 | D:3      | Identified the +0 scale mail "Pakuck" {rElec}
  2693 | D:3      | Found a burning altar of Makhleb.
  2722 | D:3      | Found Haffust's Weapon Shoppe.
  2784 | D:3      | Reached XP level 5. HP: 21/35 MP: 0/10
  3321 | D:4      | Noticed Pikel
  3321 | D:4      | Noticed a lemure
  3321 | D:4      | Noticed a lemure
  3321 | D:4      | Noticed a lemure
  3321 | D:4      | Noticed a lemure
  3416 | D:4      | Killed Pikel
  3417 | D:4      | Reached skill level 6 in Ice Magic
  3417 | D:4      | Reached XP level 6. HP: 42/48 MP: 0/12
  3417 | D:4      | Gained mutation: You sometimes gain a little power by
                  | taking damage. [demonic ancestry]
  3417 | D:4      | Reached XP level 7. HP: 47/54 MP: 0/13
  3417 | D:4      | shadowrider38: how many times
  3417 | D:4      | aesen: 27
  3417 | D:4      | shadowrider38: am i going to get this one
  3532 | D:4      | aesen: theres still a chance
  3792 | D:4      | Found a large runed translucent door.
  3793 | D:4      | Found a large runed translucent door.
  3834 | D:4      | Noticed Blork the orc
  3841 | D:4      | Killed Blork the orc
  3843 | D:4      | Noticed qdestroyer's ghost (amateur MiFi)
  3980 | D:4      | Noticed Menkaure
  3984 | D:4      | Reached XP level 8. HP: 31/60 MP: 8/15
  3985 | D:4      | aesen: para menkaure
  3992 | D:4      | Killed Menkaure
  4399 | D:4      | aesen: got fridge
  4471 | D:4      | aesen: now dont die
  4878 | D:5      | Entered Level 5 of the Dungeon
  5128 | D:5      | Found a staircase to the Ecumenical Temple.
  5136 | D:5      | Reached skill level 6 in Spellcasting
  5196 | Temple   | Entered the Ecumenical Temple
  5196 | Temple   | Found a transporter.
  5196 | Temple   | Found a transporter.
  5198 | Temple   | Found a transporter.
  5198 | Temple   | Found a transporter.
  5214 | Temple   | Became a worshipper of Gozag Ym Sagoz the Greedy
  5247 | D:5      | shadowrider38: dont get your hopes up
  5247 | D:5      | aesen: !spawn powered by death
  5247 | D:5      | shadowrider38: im not going to get the mutations
  5403 | D:5      | aesen: stone arrow
  5408 | D:5      | Learned a level 4 spell: Summon Ice Beast
  5409 | D:5      | aesen: gg
  6135 | D:6      | Reached skill level 1 in Summonings
  6392 | D:6      | Reached skill level 3 in Summonings
  6748 | D:5      | aesen: learn stone arrow
  6876 | D:6      | Noticed Edmund
  6882 | D:6      | Killed Edmund
  6883 | D:6      | Reached XP level 9. HP: 62/65 MP: 4/18
  6984 | D:6      | Learned a level 3 spell: Stone Arrow
  7019 | D:6      | aesen: use stone arrow
  7087 | D:6      | shadowrider38: now thats just asking too much
  7365 | D:6      | Noticed Eustachio
  7432 | D:6      | Killed Eustachio
  7978 | D:6      | Noticed Sigmund
  7987 | D:6      | Killed Sigmund
  8345 | D:7      | Identified the +0 trident "Ovamor" {venom, *Rage Will+
                  | Int+5 Dex+4}
  8549 | D:7      | Reached skill level 1 in Conjurations
  8549 | D:7      | Reached skill level 1 in Earth Magic
  8876 | D:7      | aesen: potpet
  8876 | D:7      | shadowrider38: that would be so sad tho
  8877 | D:7      | aesen: how
  9161 | D:7      | shadowrider38: ok that works
  9693 | D:7      | Reached skill level 3 in Conjurations
  9912 | D:7      | Reached skill level 3 in Earth Magic
 10216 | D:8      | aesen: shoot the stone arrow
 10277 | D:8      | Reached XP level 10. HP: 71/71 MP: 8/22
 10297 | D:8      | Found a flagged portal.
 10332 | Bailey   | Entered a bailey
 10358 | Bailey   | Noticed an orc warlord
 10752 | Bailey   | Found a runed translucent gate.
 10754 | Bailey   | Found a runed translucent gate.
 10756 | Bailey   | Found a runed translucent gate.
 11300 | Bailey   | aesen: lol
 11380 | D:8      | shadowrider38: shush
 11414 | D:8      | aesen: pls stop attacking with stick
 11419 | D:8      | aesen: just shoot
 11560 | D:8      | aesen: nvm
 11734 | D:8      | aesen: against that one you can attack
 11734 | D:8      | shadowrider38: the first time i shoot
 11735 | D:8      | aesen: if it reflects
 11780 | D:8      | Noticed a gargoyle
 11787 | D:8      | Killed a gargoyle
 11859 | D:8      | Found a shimmering altar of Xom.
 12028 | D:8      | aesen: what was the reflect
 12031 | D:8      | aesen: amulet probably
 12031 | D:8      | aesen: obtain
 12669 | D:9      | Noticed a two-headed ogre
 12708 | D:9      | Killed a two-headed ogre
 12709 | D:9      | Reached skill level 9 in Spellcasting
 12709 | D:9      | Reached skill level 9 in Ice Magic
 13140 | D:9      | Found a staircase to the Lair.
 13320 | D:9      | Gained mutation: You sometimes gain power by taking damage.
                  | [demonic ancestry]
 13320 | D:9      | Reached XP level 11. HP: 34/77 MP: 12/24
 13320 | D:9      | shadowrider38: what the garbage
 13320 | D:9      | aesen: not over yet
 13320 | D:9      | shadowrider38: just tell me if i get it or not
 13320 | D:9      | shadowrider38: this is taking too long
 13518 | D:9      | aesen: only have 1 tier 2 mut
 14071 | D:9      | aesen: drink exp pot
 14072 | D:9      | aesen: whats b
 14101 | D:10     | Entered Level 10 of the Dungeon
 14200 | D:10     | Reached skill level 3 in Dodging
 14351 | D:10     | Noticed Nergalle
 14354 | D:10     | Noticed a spectral orc warlord
 14357 | D:10     | shadowrider38: oop
 14357 | D:10     | aesen: lol
 14521 | D:10     | Killed Nergalle
 14626 | D:10     | Found a staircase to the Orcish Mines.
 14869 | D:10     | Learned a level 7 spell: Ozocubu's Refrigeration
 14923 | D:10     | Found a shadowy altar of Dithmenos.
 15058 | D:10     | Noticed a two-headed ogre
 15068 | D:10     | Killed a two-headed ogre
 15069 | D:10     | Reached skill level 6 in Fighting
 15818 | D:10     | aesen: heh
 15927 | D:11     | shadowrider38: how often do i get mutation
 15927 | D:11     | shadowrider38: every other level
 15927 | D:11     | shadowrider38: ?
 16003 | D:11     | aesen: every random level
 16142 | D:11     | shadowrider38: golly
 16142 | D:11     | shadowrider38: i better not mess this up when i finally get
                  | it
 16452 | D:11     | Noticed Snorg
 16457 | D:11     | aesen: net maybe
 16459 | D:11     | HP: 2/81 [Snorg (24)]
 16459 | D:11     | Mangled by Snorg

Illustrated notes

Levels and vault maps discovered:
D:1:      ncdulo_lavacross, layout_basic, basic_ecumenical_altar,
          chequers_serial_rivers_large_a
D:2:      layout_basic, serial_shops, nicolae_shop_tiny_statue_garden,
          serial_glass, glass_columns_b, glass_columns_a,
          kennysheep_generic_room_4
D:3:      layout_loops_ring, hangedman_ru_absence, lightli_temple_of_fire,
          serial_glass, glass_columns_a, glass_columns_a, glass_columns_b,
          serial_shops, shop, hangedman_glass_teeth, minmay_fractal_squares_5,
          uniq_jessica
D:4:      layout_rooms, serial_forest, infiniplex_forest_straight_5,
          infiniplex_forest_end_1, infiniplex_forest_clump_long,
          infiniplex_forest_corner_2, infiniplex_forest_corner_1,
          infiniplex_forest_corner_1, infiniplex_forest_lined_4_way,
          ebering_ghost_disaster_area, uniq_pikel, uniq_blork_the_orc,
          uniq_menkaure
D:5:      layout_loops_ring, minmay_temple_entry_proselytizer, serial_aquarium,
          aquarium_bridge_long_separate [aquarium_subvault_bridge,
          aquarium_subvault_balcony, aquarium_subvault_window,
          aquarium_subvault_bridge, aquarium_subvault_window,
          aquarium_subvault_bridge], aquarium_bridge_square
          [aquarium_subvault_bridge, aquarium_subvault_window,
          aquarium_subvault_bridge, aquarium_subvault_bridge],
          aquarium_window_fake, aquarium_window_corridor_1, aquarium_window_1,
          aquarium_view_2e, aquarium_pool_2
D:6:      layout_loops_cross, lemuel_coloured_pillars_altar, sigmund_army,
          uniq_eustachio, uniq_edmund, uniq_sigmund
D:7:      layout_basic
D:8:      layout_basic, mainiacjoe_overflow_small_starburst, enter_bailey_4
D:9:      layout_small_grid, erik_lair_island
D:10:     layout_rooms, nicolae_dithmenos_through_a_glass_darkly, david_orc_3,
          uniq_nergalle
D:11:     layout_basic, serial_shops, shop, eino_tiny_chamber,
          kennysheep_small_circle, uniq_snorg
Temple:   hellmonk_temple_divided_pantheon

Skill      XL: |  1  2  3  4  5  6  7  8  9 10 11 |
---------------+----------------------------------+-----
Ice Magic      | 4 6 8 9 10 | 10.4
Spellcasting   | 3 4 5 6 8 9 10 | 10.4
Fighting       | 4 6 |  6.0
Dodging        | 2 5 |  5.0
Stealth        | 2 |  2.0
Summonings     | 4 |  4.0
Conjurations   | 4 5 |  5.0
Earth Magic    | 3 4 |  4.0
Hexes          | |  0.4

Action                     |  1- 3 |  4- 6 |  7- 9 | 10-12 || total
---------------------------+-------+-------+-------+-------++-------
  Melee: Unarmed           |     1 |       |       |       ||     1
         Spear             |    55 |    45 |   163 |       ||   263
         Trident           |       |       |    84 |    74 ||   158
         Punch             |       |       |     1 |       ||     1
  Throw: Throwing net      |       |       |       |     1 ||     1
   Cast: Freeze            |    50 |    21 |     2 |       ||    73
         Frozen Ramparts   |     1 |     9 |    57 |    37 ||   104
         Ozocubu's Armour  |       |     2 |    66 |    31 ||    99
         Summon Ice Beast  |       |       |    26 |    45 ||    71
         Stone Arrow       |       |       |     4 |   112 ||   116
 Invoke: Potion Petition   |       |       |       |     1 ||     1
  Evoke: Wand              |       |       |     3 |     8 ||    11
    Use: Scroll            |       |     4 |     6 |     9 ||    19
         Potion            |       |       |     3 |     1 ||     4
   Stab: Sleeping          |     3 |     2 |       |       ||     5
         Distracted        |       |     1 |       |     2 ||     3
         Paralysed         |       |       |     5 |       ||     5
 Armour: Robe              |    35 |    17 |    92 |    28 ||   172
  Dodge: Dodged            |    77 |    28 |   167 |    85 ||   357
  Block: Other             |       |       |       |    20 ||    20
         Reflection        |       |       |       |     3 ||     3
